 Dungeon Crawl Stone Soup version 0.28-a0-1520-gc3277d3759 (webtiles) character file.

Game seed: 8287768442258603173

3352 wilfster70 the Magician (level 9, -1/45 HPs)
             Began as a Spriggan Enchanter on Jan 17, 2022.
             Was an Initiate of Gozag.
             Slain by a killer bee (5 damage)
             ... on level 10 of the Dungeon.
             The game lasted 00:30:29 (11050 turns).

wilfster70 the Magician (Spriggan Enchanter)       Turns: 11050, Time: 00:30:29

Health: -1/45      AC:  4    Str:  4    XL:     9   Next: 72%
Magic:  16/19      EV: 20    Int: 20    God:    Gozag
Gold:   901        SH:  5    Dex: 16    Spells: 8/20 levels left

rFire   + . .      SeeInvis +   a - +1 dagger (venom)
rCold   + . .      Faith    .   (no shield)
rNeg    . . .      Spirit   .   x - +2 robe {rC+ rF+}
rPois   .          Reflect  +   (helmet restricted)
rElec   .          Harm     .   (no cloak)
rCorr   +          Rampage  .   (gloves unavailable)
Will    +....                   (boots unavailable)
Stlth   +++.......              p - amulet of reflection
HPRegen 0.15/turn               h - ring of resist corrosion
MPRegen 0.16/turn               (no ring)

@: lethally poisoned (-1 -> -19), very quick
A: very small, no large weapons, unfitting armour, see invisible, speed 3
a: Renounce Religion, Potion Petition, Call Merchant, Bribe Branch


You were on level 10 of the Dungeon.
You worshipped Gozag.
Gozag was pleased with you.
You visited 2 branches of the dungeon, and saw 11 of its levels.

You collected 989 gold pieces.
You paid 88 gold pieces to Gozag.

Inventory:

Hand Weapons
 a - a +1 dagger of venom (weapon)
 b - a +0 vorpal hunting sling
Missiles
 e - 3 throwing nets
 l - 165 stones (quivered)
 w - 26 sling bullets
 y - 6 curare-tipped darts
Armour
 x - a +2 robe of resistance (worn)
Jewellery
 h - a ring of resist corrosion (left hand)
 p - an amulet of reflection (around neck)
Wands
 q - a wand of acid (9)
 t - a wand of polymorph (7)
Scrolls
 g - 4 scrolls of teleportation
 j - 2 scrolls of enchant armour
 r - 2 scrolls of identify
 v - a scroll of fog
Potions
 c - 2 potions of invisibility
 d - a potion of berserk rage
 f - a potion of haste
 i - a potion of curing
 k - a potion of cancellation
 m - 2 potions of mutation
 n - a potion of magic
 o - a potion of brilliance
 s - a potion of might


   Skills:
 - Level 4.2 Fighting
 - Level 6.0 Short Blades
 - Level 6.0 Slings
 - Level 6.0 Dodging
 - Level 4.4 Stealth
 - Level 6.1 Spellcasting
 - Level 6.0 Hexes
 + Level 4.1 Fire Magic
 - Level 4.0 Ice Magic


You had 8 spell levels left.
You knew the following spells:

 Your Spells              Type           Power      Damage    Failure   Level
a - Ensorcelled Hibernat  Hex/Ice        52%        N/A       1%          2
b - Confusing Touch       Hex            30%        N/A       2%          3
c - Dazzling Flash        Conj/Hex       36%        N/A       9%          3
d - Sticky Flame          Conj/Fire      14%        2d4       41%         4

Your spell library contained the following spells:

 Spells                   Type           Power      Damage    Failure   Level
 Tukima's Dance           Hex            30%        N/A       2%          3
 Conjure Flame            Conj/Fire      14%        6-21      13%         3
 Ignite Poison            Fire/Tmut/Pois 11%        N/A       17%         3
 Gell's Gravitas          Tloc           6%         N/A       30%         3
 Teleport Other           Tloc           6%         N/A       30%         3
 Dispersal                Tloc           3%         N/A       100%        6


Dungeon Overview and Level Annotations

Branches:
Dungeon (10/15)            Temple (1/1) D:5            Lair (0/6) D:8
    Orc: D:9-12

Altars:
Ashenzari
Cheibriados
Dithmenos
Elyvilon
Fedhas
Gozag
Hepliaklqana
Kikubaaqudgha
Makhleb
Nemelex Xobeh
Okawaru
Qazlal
Sif Muna
Xom
Yredelemnul
Zin

Shops:
D:5 [

Annotations:
D:6 2 transporters, p0werm0de's ghost, novice MiCK


Innate Abilities, Weirdness & Mutations

You are very small and have problems with some larger weapons.
You are too small for most types of armour.
You have supernaturally acute eyesight. (SInv)
You cover ground extremely quickly. (Speed+++)


Message History

The orc wizard is almost dead.
You kill the orc wizard!
You now have 887 gold pieces (gained 5).
Things that are here:
a +0 dagger; a +0 robe You now have 895 gold pieces (gained 8).
You see here a +0 club.
You now have 901 gold pieces (gained 6).
There is a stone staircase leading down here.
You climb downwards.
You hear the roar of battle.
There is an entrance to a bailey on this level.
Hurry and find it before the portal closes forever!
You hear the faint creaking of a very distant portcullis.
The killer bee closely misses you. The killer bee barely misses you.
The killer bee closely misses you.
There is a stone staircase leading up here.
Casting: Ensorcelled Hibernation (safe; 1% risk of failure)
Confirm with . or Enter, or press ? or * to list all spells.
Aiming: Ensorcelled Hibernation (safe; 1% risk of failure)
Press: ? - help, Shift-Dir - straight line, f - killer bee
Aim: a killer bee (chance to affect: 66%)
The killer bee struggles to resist.
The killer bee stings you.
You are poisoned.
The killer bee poisons you! The killer bee misses you.
The killer bee stings you. x2
You are lethally poisoned!
The killer bee poisons you!
You barely miss the killer bee.
You feel very sick. The killer bee stings you!
* * * LOW HITPOINT WARNING * * *
You are more poisoned.
The killer bee poisons you! The killer bee completely misses you.
You block the killer bee's attack. The killer bee misses you.
* * * LOW HITPOINT WARNING * * *
You feel very sick. You block the killer bee's attack.
The killer bee misses you. The killer bee stings you.
You die...
Your body crumbles into a pile of gold.

.. . .# $.. .#
. ... .## ..
.... ..##...
..... ....#..
......##.......
......y@.....o.
......yy..##...
....##....# ..y
#...## . #....
...... .....)
(.......


You could see 4 killer bees and an orc wizard.

Vanquished Creatures
  Psyche (D:9)
  A kobold demonologist (D:9)
  A troll (D:9)
  2 wyverns (D:9)
  A steam dragon (D:9)
  A water moccasin (D:7)
  A black bear (D:6)
  3 orc warriors
  2 sky beasts
  A necrophage (D:6)
  A centaur (D:7)
  2 ogres (D:5)
  2 bullfrogs
  A scorpion (D:5)
  A water moccasin zombie (D:5)
  A water moccasin skeleton (D:5)
  A killer bee (D:9)
  An electric eel (D:9)
  A jelly (D:5)
  2 orc priests
  4 hounds
  2 bullfrog skeletons
  4 iguanas
  6 orc wizards
  A howler monkey zombie (D:6)
  10 gnolls
  A howler monkey skeleton (D:5)
  7 adders
  2 shadow imps (D:6)
  2 white imps (D:6)
  An ufetubus (D:7)
  3 dart slugs
  18 orcs
  4 ball pythons
  4 endoplasms
  3 giant cockroaches
  8 goblins
  3 hobgoblins
  4 quokkas
  3 bats
  5 frilled lizards
  A kobold (D:2)
  2 rats
125 creatures vanquished.

Vanquished Creatures (others)
  12 plants (D:3)
12 creatures vanquished.

Grand Total: 137 creatures vanquished

Notes
Turn   | Place    | Note
-------+----------+-------------------------------------------
     0 | D:1      | wilfster70 the Spriggan Enchanter began the quest for the
                  | Orb.
     0 | D:1      | Reached XP level 1. HP: 9/9 MP: 5/5
   400 | D:1      | Reached XP level 2. HP: 13/13 MP: 7/7
   410 | D:1      | Learned a level 2 spell: Ensorcelled Hibernation
  1508 | D:2      | Reached XP level 3. HP: 16/16 MP: 9/9
  1819 | D:3      | Reached skill level 5 in Hexes
  1819 | D:3      | Reached XP level 4. HP: 18/21 MP: 3/11
  2486 | D:3      | Learned a level 3 spell: Confusing Touch
  2610 | D:3      | Noticed a phantom
  3124 | D:4      | Reached XP level 5. HP: 24/24 MP: 7/12
  3718 | D:4      | Reached skill level 5 in Spellcasting
  3961 | D:5      | Entered Level 5 of the Dungeon
  4161 | D:5      | Reached skill level 1 in Ice Magic
  4241 | D:5      | Found a glowing silver altar of Zin.
  4266 | D:5      | Reached XP level 6. HP: 28/28 MP: 15/15
  4743 | D:5      | Found Ivuoligg's Antique Armour Boutique.
  4856 | D:5      | Reached XP level 7. HP: 22/32 MP: 4/17
  5561 | D:5      | Found a staircase to the Ecumenical Temple.
  5581 | Temple   | Entered the Ecumenical Temple
  5611 | Temple   | Became a worshipper of Gozag Ym Sagoz the Greedy
  6369 | D:6      | Found a transporter.
  6369 | D:6      | Identified the +4 giant spiked club of Patterns {freeze,
                  | Str-4 Int+10}
  6369 | D:6      | Noticed a two-headed ogre
  6370 | D:6      | Noticed p0werm0de's ghost (novice MiCK)
  6374 | D:6      | Found a transporter.
  6552 | D:6      | Reached skill level 5 in Dodging
  6854 | D:6      | Reached skill level 1 in Slings
  6996 | D:6      | Reached XP level 8. HP: 28/36 MP: 12/18
  8331 | D:7      | Reached skill level 5 in Slings
  8657 | D:7      | Reached skill level 1 in Fighting
  8786 | D:8      | Noticed a death yak
  8788 | D:8      | Noticed a death yak
  8990 | D:6      | Learned a level 3 spell: Dazzling Flash
  9387 | D:8      | Found a staircase to the Lair.
  9722 | D:8      | Noticed a death yak
  9996 | D:9      | Reached XP level 9. HP: 35/45 MP: 15/19
 10271 | D:9      | Noticed Psyche
 10294 | D:9      | Killed Psyche
 10295 | D:9      | Reached skill level 5 in Short Blades
 10380 | D:9      | Noticed a troll
 10418 | D:9      | Learned a level 4 spell: Sticky Flame
 10541 | D:9      | Killed a troll
 10681 | D:9      | Noticed a kobold demonologist
 10713 | D:9      | Killed a kobold demonologist
 10984 | D:10     | Entered Level 10 of the Dungeon
 11050 | D:10     | Slain by a killer bee

Illustrated notes

Levels and vault maps discovered:
D:1:      wander_arrival_estate, layout_basic, nicolae_grassy_gnolls
D:2:      layout_rooms, kennysheep_nub
D:3:      layout_basic, serial_bayou_lagoon_a, serial_park_tiny_pond,
          chequers_serial_rivers_micro_a, roderic_lattice_a
D:4:      layout_basic, chequers_serial_rivers_small_a
D:5:      layout_basic, zin_academy, minmay_temple_entry_hall,
          nicolae_inconvenience_store
D:6:      layout_basic, gammafunk_ghost_smash
D:7:      layout_cave_pools, minmay_crystal_water, nrook_campfire,
          kennysheep_small_circle
D:8:      layout_cave_pools, dpeg_lair_monsters, lightli_minifort
D:9:      cheibrodos_helix_gallery, layout_basic, uniq_psyche
D:10:     layout_cave_pools, serial_column_ruins, column_ruins_grid_2,
          column_ruins_open_medium, column_ruins_open_medium,
          column_ruins_corridor_straight, column_ruins_open_small,
          enter_bailey_2, hangedman_corner_corridor, uniq_maurice
Temple:   nicolae_temple_the_god_donut

Skill      XL: |  1  2  3  4  5  6  7  8  9 |
---------------+----------------------------+-----
Spellcasting   | 3 4 5 6 |  6.1
Hexes          | 4 5 6 |  6.0
Ice Magic      | 2 3 4 |  4.0
Dodging        | 6 |  6.0
Slings         | 2 6 |  6.0
Fighting       | 4 |  4.2
Short Blades   | 3 6 |  6.0
Fire Magic     | 4 |  4.1
Stealth        | |  4.4

Action                   |  1- 3 |  4- 6 |  7- 9 || total
-------------------------+-------+-------+-------++-------
Melee: Dagger            |    59 |    96 |   205 ||   360
       Punch             |       |     1 |     1 ||     2
 Fire: Hunting sling     |       |       |    15 ||    15
 Cast: Ensorcelled Hiber |    18 |    44 |    76 ||   138
       Confusing Touch   |       |     3 |    13 ||    16
       Dazzling Flash    |       |       |     2 ||     2
Evoke: Wand              |       |       |     1 ||     1
  Use: Scroll            |     3 |     7 |     8 ||    18
 Stab: Sleeping          |    12 |    26 |    47 ||    85
       Confused          |       |     4 |    12 ||    16
       Invisible         |       |       |     2 ||     2
Armor: Robe              |     5 |     5 |    20 ||    30
Dodge: Dodged            |    33 |    74 |   138 ||   245
Block: Other             |       |     2 |    31 ||    33
       Reflection        |       |       |     1 ||     1

Table legend: (Time is in decaauts)
 A = Elapsed time spent in this place.
 B = Non-inter-level travel time spent in this place.
 C = Inter-level travel time spent in this place.
 D = Time resting spent in this place.
 E = Time spent auto-exploring this place.
 F = Levels seen in this place.
 G = Mean time per level.
                   A        B        C        D        E       F      G
               +--------+--------+--------+--------+--------+-----+--------+
         Total |   8361 |   8178 |    183 |   2984 |   2427 |  11 |  760.1 |
       Dungeon |   8325 |   8158 |    167 |   2984 |   2427 |  10 |  832.5 |
        Temple |     35 |     19 |     16 |      0 |      0 |   1 |   35.0 |
               +--------+--------+--------+--------+--------+-----+--------+

Top non-repeatable levels by time:
     D:6: 1801 daAuts
     D:5: 1319 daAuts
     D:9: 1001 daAuts
     D:1: 881 daAuts
     D:4: 776 daAuts
     D:7: 742 daAuts
     D:3: 734 daAuts
     D:2: 550 daAuts
     D:8: 508 daAuts
  Temple: 35 daAuts
    D:10: 7 daAuts
